[Event "Early-Titled-Tuesday-Blitz-October-24-2023"]
[Site "Chess.com"]
[Date "2023.10.24"]
[Round "7"]
[White "Nf3c5"]
[Black "AlexandraSamaganova"]
[Result "0-1"]
[WhiteElo "2596"]
[BlackElo "2336"]
[TimeControl "180+1"]
[EndTime "9:16:14 PDT"]
[Termination "AlexandraSamaganova won on time"]

1. d4 Nf6 2. Nf3 e6 3. Bg5 b6 4.
a4 a5 5. Na3 Bb7 6. e3 Be7 7. Nb5 O-O 8. Bd3 h6 9. Bf4 Na6 10. h3 d6 11. c3 Ne4 12. Qc2 f5 13. Nd2 Nxd2 14. Qxd2 Bf6 15. Rg1 e5 16. Bh2 e4 17.
Bc4+ Kh8 18. O-O-O Nb8 19. g4 fxg4 20. Rxg4 Nd7 21. Rdg1 Rc8 22. Bb3 Qe7 23. Bc2 Rfe8 24. Bf4 Qf8 25. Rg6 Bd5 26. Bxh6 gxh6 27. Qe2 Bf7 28.
R6g2 Qe7 29. f4 Rg8 30. f5 Rxg2 31. Rxg2 Rg8 32. Rg4 Rxg4 33. Qxg4 Bg5 34. Kd2 c6 35. Na7 Nf6 36. Nxc6 Nxg4 37. Nxe7 Bxe7 38. hxg4 h5 39. gxh5 d5 40. Bd1 Kg7 41. b3 Kh6 42. Be2 Bxh5 43.
Bb5 Bf7 44. c4 dxc4 45. bxc4 Bb4+ 46. Kc2 Kg5 47. Ba6 Kxf5 48. Kb3 Kf6 49. Bb7 Bg6 50. Bc6 Ke7 51. Bb7 Kd6 52. Ba8 Bd2 53. Bb7 Bxe3 54.
d5 Bc5 55. Kc3 e3 56. Bc8 Bh5 0-1

[Event "Early-Titled-Tuesday-Blitz-October-24-2023"]
[Site "Chess.com"]
[Date "2023.10.24"]
[Round "7"]
[White "brm72"]
[Black "Orujov2008"]
[Result "1-0"]
[WhiteElo "2577"]
[BlackElo "2733"]
[TimeControl "180+1"]
[EndTime "9:16:17 PDT"]
[Termination "brm72 won by resignation"]

1. e4 e5 2. Nf3 Nf6 3. Nxe5 Nxe4 4. Qe2 Qe7 5. Qxe4 d6 6. d4 dxe5 7. dxe5 Nc6 8. Nc3 Qxe5 9. Qxe5+ Nxe5 10. Bf4 Bd6 11. Bg3 f6 12. O-O-O a6 13. Ne4 Be7 14. Bxe5 fxe5 15. Bc4 Bf5 16. Rhe1 Rd8 17. f3 Rxd1+ 18. Kxd1 h5 19. Ng3 Bg6 20. Rxe5 h4 21. Ne4 b5 22.
Bd5 Kd8 23. Bb7 Bxe4 24. Rxe4 Rh6 25. Rd4+ Ke8 26. h3 Rg6 27. f4 Bc5 28. Re4+ Kd7 29.
Re5 Bd6 30. Rf5 c6 31. Rg5 Rf6 32. Rxg7+ Kd8 33. Bxc6 Bxf4 34. Bf3 Rd6+ 35. Ke1 b4 36.
Rb7 a5 37. Rb5 a4 38. Rd5 Rxd5 39. Bxd5 Be5 40. b3 a3 41. Ke2 Bc3 42. Kf3 Be1 43. Be6 Ke7 44. Bc4 Kf6 45. Bd3 Kg7 46. Be4 Kh6 47. c4 bxc3 48. Bc2 Kg7 49. b4 Kf6 50. Ke4 Ke6 51. Kd4 Kd6 52. Kc4 Kc6 53. Kb3 Kb5 54. Kxa3 Bd2 55. Kb3 Kb6 56. a4 Be1 57. Kc4 Bd2 58. a5+ Ka6 59. Kc5 Be3+ 60. Kc6 Ka7 61. b5 Kb8 62. b6 Bd4 63. a6 Be5 64. a7+ Ka8 65. Kb5 1-0

[Event "Early-Titled-Tuesday-Blitz-October-24-2023"]
[Site "Chess.com"]
[Date "2023.10.24"]
[Round "7"]
[White "rachidhuilda"]
[Black "WPWPWP-2015"]
[Result "1-0"]
[WhiteElo "2395"]
[BlackElo "2543"]
[TimeControl "180+1"]
[EndTime "9:16:17 PDT"]
[Termination "rachidhuilda won by resignation"]

1. d4 Nf6 2. Bg5 e6 3. e4 h6 4. Bxf6 Qxf6 5. c3 d6 6. Nd2 c6 7. Bd3 e5 8. Ne2 g5 9. Ng3 Be7 10. Nh5 Qg6 11. g4 Be6 12. Qe2 Bf8 13. O-O-O f6 14. Kb1 Nd7 15. Bc4 d5 16. Bd3 Qf7 17.
exd5 cxd5 18. dxe5 Nxe5 19. Bb5+ Kd8 20. f3 a6 21. Bd3 Kc7 22. Nb3 Rd8 23. Nd4 Bd7 24.
Rhe1 Nxd3 25. Qxd3 Bc5 26. Ng3 Rhe8 27. Ngf5 Re5 28. Nxh6 Qf8 29. Nhf5 Rde8 30. Rxe5 Rxe5 31. Nb3 Bb6 32. c4 Bc6 33. c5 Ba7 34. Qc3 Kd7 35.
Nfd4 Bb8 36. Nxc6 bxc6 37. Nd4 Qe8 38. Qa5 Ke7 39. Qb6 Kf8 40. Qxc6 Qg6+ 41. Ka1 Qd3 42. Qa4 Qe3 43. Nf5 Qe2 44. Qb3 Bc7 45. a3 d4 46.
Qd3 Qxd3 47. Rxd3 Rxc5 48. Ka2 Be5 49. Nxd4 Rc1 50. Ne6+ Kf7 51. Nd4 Ke7 52. Nf5+ Ke6 53. Re3 Kd5 54. Re2 Rd1 55. Ne3+ Kd4 56. Nxd1 Kd3 57.
Rg2 Bf4 58. Nc3 a5 59. Nd5 Kd4 60. Nxf4 gxf4 61. h4 Ke3 62. Rh2 Kxf3 63. h5 Kg3 64. Rd2 Kxg4 65. h6 f3 66. h7 f2 67. Rxf2 Kg3 68.
h8=Q Kxf2 69. Qxf6+ Ke2 70. Qa6+ 1-0

[Event "Early-Titled-Tuesday-Blitz-October-24-2023"]
[Site "Chess.com"]
[Date "2023.10.24"]
[Round "7"]
[White "koncheto"]
[Black "SashaKuzhilniy"]
[Result "0-1"]
[WhiteElo "2537"]
[BlackElo "2651"]
[TimeControl "180+1"]
[EndTime "9:16:18 PDT"]
[Termination "SashaKuzhilniy won by resignation"]

1. e4 g6 2. d4 Bg7 3. Nf3 d6 4. h3 Nf6 5. Nc3 O-O 6. Bc4 Nxe4 7. Nxe4 d5 8. Bd3 dxe4 9. Bxe4 c5 10. Be3 cxd4 11.
Bxd4 Qa5+ 12. c3 Rd8 13. Qe2 e5 14. Be3 Nc6 15. O-O h6 16. Rfd1 Be6 17. a4 Rxd1+ 18. Qxd1 Rd8 19. Qe2 Bb3 20. Qb5 Bd5 21. Bxd5 Rxd5 22.
Qxb7 Rd6 23. b4 Qd8 24. Bc5 Re6 25. Re1 e4 26. Nd4 Nxd4 27. cxd4 Bxd4 28. Rxe4 Bxc5 29. bxc5 Qd1+ 30. Kh2 Rf6 31. Re8+ Kh7 32. Qb2 Qd7 33. Ra8 Qc7+ 34. g3 Qc6 35. Rxa7 h5 36. Rb7 Rxf2+ 37. Qxf2 Qxb7 38. Qc2 Qc6 39. a5 Qb5 40. c6 Qb8 41. c7 Qc8 42. a6 h4 43. g4 Qxa6 44. c8=Q Qd6+ 45. Kg2 Qd5+ 46. Kf2 Qh1 47. Q8c7 Kg8 48. Qd8+ Kh7 49. Qd4 Qh2+ 50. Kf3 Qxc2 51. Qf2 Qxf2+ 52. Kxf2 Kh6 53. Kf3 Kg5 54. Ke4 f5+ 55. gxf5 gxf5+ 56. Ke5 Kg6 57. Kd5 Kf6 58. Kd4 Ke6 59. Kd3 Kd5 60. Ke3 Ke5 61. Kf3 f4 62. Kg4 Ke4 63. Kxh4 f3 64.
Kg3 Ke3 65. h4 f2 66. h5 f1=Q 67. h6 Qg1+ 0-1

[Event "Early-Titled-Tuesday-Blitz-October-24-2023"]
[Site "Chess.com"]
[Date "2023.10.24"]
[Round "7"]
[White "chess_blitz00"]
[Black "CSB7"]
[Result "0-1"]
[WhiteElo "2495"]
[BlackElo "2713"]
[TimeControl "180+1"]
[EndTime "9:16:18 PDT"]
[Termination "CSB7 won on time"]

1. Nf3 d5 2. b3 Nf6 3. Bb2 Bf5 4. h3 h6 5. e3 e6 6. Bd3 Bxd3 7. cxd3 Nbd7 8. d4 Bd6 9. O-O O-O 10. Nc3 Ne4 11.
d3 Nxc3 12. Bxc3 Qf6 13. Rc1 Qg6 14. Qe2 c6 15. Nd2 f5 16. f4 Kh7 17. Kh1 Nf6 18.
Rg1 Qf7 19. Nf3 Qh5 20. Rc2 g5 21. Ne5 g4 22. Be1 Rg8 23. h4 Bxe5 24. dxe5 g3 25. Qxh5 Nxh5 26. Rf1 Rg4 27. Kg1 Rxh4 28. Rf3 Rg4 29.
d4 Kg6 30. b4 a6 31. a4 Kf7 32. a5 Ke7 33. Rb2 Kd7 34. Rc2 Kc7 35. Rc5 b6 36.
axb6+ Kxb6 37. Ra5 Rgg8 38. Kf1 Rg4 39. Ke2 Rh4 40. Rf1 Rh2 41. Kf3 Rh4 42. Ra1 Kb7 43. Bd2 Rg8 44. Rh1 Rgg4 45. Rxh4 Rxh4 46. Rb1 Rh2 47. Rg1 Kb6 48. Be1 Rh4 49. Bxg3 Nxg3 50.
Kxg3 Rg4+ 51. Kf3 Kb5 52. Ra1 h5 53. Ra5+ Kb6 54. Ra1 h4 55. Rh1 Kb5 56. Ra1 Rg3+ 57. Kf2 Rg6 58. Ra5+ Kb6 59. Ra1 Rg8 60. Rh1 Rh8 61. Kf3 Kb5 62. Ra1 h3 63. Ra5+ Kb6 0-1

[Event "Early-Titled-Tuesday-Blitz-October-24-2023"]
[Site "Chess.com"]
[Date "2023.10.24"]
[Round "7"]
[White "Legendinunknown"]
[Black "the_chess_child"]
[Result "1-0"]
[WhiteElo "2817"]
[BlackElo "2941"]
[TimeControl "180+1"]
[EndTime "9:16:23 PDT"]
[Termination "Legendinunknown won by checkmate"]

1. d4 Nf6 2. c4 g6 3. Nc3 Bg7 4.
e4 d6 5. Nf3 O-O 6. Be2 e5 7.
d5 a5 8. Bg5 h6 9. Be3 Ng4 10.
Bc1 Na6 11. h3 Nf6 12. Be3 Nd7 13. g4 Ndc5 14. Nd2 f5 15. gxf5 gxf5 16. f3 Bd7 17. a3 a4 18. Qc2 Qh4+ 19. Bf2 Qe7 20. O-O-O f4 21. Kb1 Kh7 22. Nb5 Bf6 23. h4 Rg8 24. Bf1 Rg7 25. Ka2 Rag8 26. Nb1 Be8 27. N1c3 Bh5 28.
Rh3 Rg2 29. Bxg2 Rxg2 30. Qe2 Qg7 31. Rhh1 Kh8 32. Rdg1 Kh7 33. Re1 Kh8 34. Rhg1 Kh7 35. Nb1 Kh8 36. Nd2 Be7 37. Nc3 c6 38. Qf1 Rxg1 39. Qxg1 Qf7 40. Rf1 Nd3 41. Bb6 Nac5 42. Nd1 cxd5 43. cxd5 Nc1+ 44. Kb1 N5b3 45. Nxb3 Nxb3 46.
Nc3 Nd2+ 47. Kc2 Nxf1 48. Qxf1 Bxh4 49. Nxa4 Bg5 50. Nc3 Qd7 51. a4 Bg6 52. a5 h5 53.
b4 h4 54. b5 h3 55. a6 bxa6 56. bxa6 Qc8 57. a7 Kg7 58. Bg1 Kh6 59. Qb5 Be8 60.
Qb8 Ba4+ 61. Kb2 Qc4 62. a8=Q Bd7 63. Qh8+ Kg6 64. Qag8# 1-0

[Event "Early-Titled-Tuesday-Blitz-October-24-2023"]
[Site "Chess.com"]
[Date "2023.10.24"]
[Round "7"]
[White "vugarrasulov"]
[Black "MagnusCarlsen"]
[Result "0-1"]
[WhiteElo "3011"]
[BlackElo "3276"]
[TimeControl "180+1"]
[EndTime "9:16:28 PDT"]
[Termination "MagnusCarlsen won by resignation"]

1. e4 c5 2. Nf3 a6 3. Nc3 d6 4. g3 g6 5. d4 cxd4 6. Nxd4 Nc6 7. Bg2 Bd7 8. O-O Bg7 9. Be3 Nf6 10. h3 O-O 11. Nb3 Ne5 12. Bd4 Rc8 13. Nd5 b5 14. f4 Nc4 15. Nxf6+ exf6 16. Nd2 Re8 17. Nxc4 Rxc4 18.
c3 Bc6 19. Qd3 f5 20. exf5 Bxd4+ 21. cxd4 Bxg2 22. Kxg2 Qf6 23. fxg6 hxg6 24. Rad1 d5 25. b3 Rc6 26. Rfe1 Rec8 27. Re5 Rc3 28. Qf1 Rc2+ 29.
Re2 R8c3 30. Qf2 Qf5 31. Rdd2 Rxd2 32. Rxd2 Qe4+ 33. Kh2 Re3 34. Qg2 Qe6 35. h4 b4 36.
Rc2 a5 37. Rd2 Kg7 38. Qf2 Qe4 39. Qg2 Kf6 40. Qxe4 dxe4 41. Kg2 Ke6 42. d5+ Kd6 43. g4 Rf3 44. h5 gxh5 45. gxh5 Rxf4 46. Kg3 Rf3+ 47.
Kh4 Rf1 48. Rh2 e3 49. h6 Rf2 50. Rh3 e2 51. Re3 Rh2+ 52. Kg5 Kxd5 53. h7 Rxh7 54.
Rxe2 Rh1 55. Kf6 Rf1+ 56. Kg5 Kd4 57. Kg4 f5+ 58. Kg5 f4 59. Kg4 f3 60. Re8 f2 61. Kf3 Ra1 62. Kxf2 Rxa2+ 63. Kf3 Kc3 64. Re3+ Kc2 65. Kf4 Ra3 66. Re5 Kxb3 0-1

[Event "Early-Titled-Tuesday-Blitz-October-24-2023"]
[Site "Chess.com"]
[Date "2023.10.24"]
[Round "7"]
[White "c63_amg"]
[Black "Meri-Arabidze"]
[Result "1-0"]
[WhiteElo "2818"]
[BlackElo "2589"]
[TimeControl "180+1"]
[EndTime "9:16:31 PDT"]
[Termination "c63_amg won by resignation"]

1. e4 d6 2. d4 g6 3. Nc3 Bg7 4. Bf4 Nd7 5. Qd2 c5 6. dxc5 Nxc5 7. Nf3 Nf6 8. e5 Nh5 9. Bh6 O-O 10. Bxg7 Kxg7 11. O-O-O Bg4 12. exd6 Bxf3 13. Qd4+ Kg8 14.
Qxc5 b6 15. Qe3 Bxd1 16. dxe7 Qd7 17. exf8=Q+ Rxf8 18. Nxd1 Re8 19. Qd2 Qa4 20. Nc3 Qg4 21.
f3 Qh4 22. Bb5 Rd8 23. Qe3 Ng3 24. Re1 Qxh2 25. Qf2 Nf5 26. Bd3 Nh4 27. Bf1 Nf5 28. a3 h5 29. Kb1 h4 30. Ne4 Qf4 31. Bd3 Nd4 32. Rh1 Nf5 33. Nf6+ Kg7 34. Bxf5 Qxf5 35. Ne4 g5 36. Qe3 f6 37. Qc3 Kg6 38. Re1 Rd7 39.
Qb3 Qe5 40. Ka2 h3 41. gxh3 Rh7 42. Qg8+ Rg7 43. Qc4 Rh7 44. Rd1 Rxh3 45. Rd5 Qf4 46. Rd6 Rxf3 47. Rxf6+ Qxf6 48. Nxf6 Rxf6 49. Qe4+ Kh5 50.
Qh7+ Kg4 51. Qxa7 Kf4 52. Qc7+ Kf5 53. Qd7+ Kf4 54. Qe7 Kf5 55. a4 g4 56. Qe3 Rg6 57.
Qd3+ Kg5 58. Qg3 Rf6 59. b4 Rf3 60. Qe5+ Kh4 61. Qh2+ Rh3 62. Qf4 Rf3 63. Qh6+ Kg3 64. Qxb6 Kg2 65. a5 g3 66. a6 Rf8 67. Qb7+ Kf1 68. Qh1+ Kf2 69. Qh6 Rf3 70. a7 g2 71.
a8=Q g1=Q 72. Qa7+ Kf1 73. Qxg1+ Kxg1 74. Qg6+ 1-0

[Event "Early-Titled-Tuesday-Blitz-October-24-2023"]
[Site "Chess.com"]
[Date "2023.10.24"]
[Round "7"]
[White "Manukyan_Artak"]
[Black "AsselLesbekova"]
[Result "1/2-1/2"]
[WhiteElo "2404"]
[BlackElo "2247"]
[TimeControl "180+1"]
[EndTime "9:16:31 PDT"]
[Termination "Game drawn by repetition"]

1. e4 e5 2. Nf3 Nf6 3. Nxe5 Nxe4 4. Qe2 Qe7 5. Qxe4 d6 6. d4 dxe5 7. Qxe5 Qxe5+ 8. dxe5 Bf5 9. c3 Nc6 10. Bf4 O-O-O 11.
Bb5 Nxe5 12. Bxe5 Rd5 13. Bd4 Rxb5 14. c4 Rb4 15. Nd2 c5 16. Bc3 Rb6 17. O-O-O f6 18.
Rhe1 Bd6 19. g3 Bc7 20. Ne4 Rc6 21. Rd5 Be6 22. Rxc5 Rxc5 23. Nxc5 Bxc4 24. b3 Bb5 25. Ne6 Bb6 26. Nxg7 Bxf2 27. Re6 Rd8 28. Rxf6 Be3+ 29. Kc2 Bd3+ 30. Kb2 Bd4 31. Bxd4 Rxd4 32. Rf8+ Rd8 33.
Rxd8+ Kxd8 34. Kc3 Bf1 35. Ne6+ Ke7 36. Ng5 h6 37.
Ne4 b6 38. Kd4 Ke6 39. b4 Ba6 40. a4 Bb7 41. a5 Ba8 42. axb6 axb6 43. g4 Bc6 44. h4 Ba8 45. Nf2 Bf3 46. Ke3 Bc6 47. Nd3 Be8 48. Nf4+ Ke5 49. g5 hxg5 50. hxg5 Kf5 51.
g6 Kf6 52. Kd4 b5 53. Kc5 Kg7 54. Ne6+ Kxg6 55. Nc7 Bd7 56. Nxb5 Kf6 57. Nc7 Ke7 58. Nd5+ Kd8 59. Nb6 Be8 60. Nc4 Kc7 61. Nd6 Bh5 62.
b5 Bf3 63. b6+ Kb8 64. Nc4 Bh1 65. Ne5 Bg2 66. Nc6+ Bxc6 67. Kxc6 Kc8 68. Kc5 Kb7 69. Kb5 Kb8 70. Ka6 Ka8 71. Ka5 Kb7 72. Kb5 Kb8 73. Kc5 Kb7 74. Kb5 1/2-1/2

[Event "Early-Titled-Tuesday-Blitz-October-24-2023"]
[Site "Chess.com"]
[Date "2023.10.24"]
[Round "7"]
[White "kidagent"]
[Black "ChessBliss09"]
[Result "1-0"]
[WhiteElo "2274"]
[BlackElo "2026"]
[TimeControl "180+1"]
[EndTime "9:16:37 PDT"]
[Termination "kidagent won by checkmate"]

1. c4 e5 2. g3 Nc6 3. Nc3 f5 4. Bg2 Nf6 5. e3 Bb4 6. Nd5 Be7 7. Ne2 d6 8. O-O O-O 9. b3 a5 10. Bb2 Be6 11. f4 e4 12. d3 Nxd5 13. cxd5 Bxd5 14. dxe4 Bxe4 15. Bxe4 fxe4 16. Qd5+ Kh8 17. Qxe4 Bf6 18. Bxf6 Qxf6 19. Rae1 Rae8 20. Qf3 Ne5 21. Qxb7 Nd3 22.
Rd1 Rxe3 23. Qxc7 Rxe2 24. Rxd3 Qb2 25. Qb7 Rxh2 26. Rxd6 Rh5 27. Qg2 Qa3 28. Rd2 Qc5+ 29. Qf2 Qc8 30. Qg2 Qg4 31. Rd3 h6 32. Rfd1 Rh3 33. Kf2 Re8 34. R1d2 Rh5 35. Rd8 Qg6 36. Rxe8+ Qxe8 37. g4 Rc5 38. Re2 Qf7 39. Qa8+ Kh7 40. Qe4+ g6 41. Kg3 Rc3+ 42. Re3 Rxe3+ 43. Qxe3 h5 44. gxh5 gxh5 45. Qe5 Qg6+ 46. Kf3 Qd3+ 47. Kf2 Qd2+ 48. Kf3 Qxa2 49. Qxh5+ Kg7 50. Qd5 a4 51. Qe5+ Kf7 52. bxa4 Qxa4 53. Kg4 Qd1+ 54. Kf5 Qc2+ 55. Kg5 Qg6+ 56. Kh4 Qg1 57. Qd5+ Ke7 58. Qg5+ Qxg5+ 59. Kxg5 Kf7 60. Kf5 Ke7 61. Kg6 Kf8 62. Kf6 Ke8 63. Kg7 Ke7 64. f5 Kd6 65. f6 Ke5 66. f7 Ke6 67.
f8=Q Ke5 68. Qf3 Ke6 69. Kg6 Ke5 70. Qd3 Kf4 71. Kf6 Kg4 72. Qe3 Kh5 73. Qg1 Kh4 74. Kf5 Kh3 75. Kf4 Kh4 76. Qh1# 1-0

[Event "Early-Titled-Tuesday-Blitz-October-24-2023"]
[Site "Chess.com"]
[Date "2023.10.24"]
[Round "7"]
[White "surrenderPLS"]
[Black "Aygehovit1992"]
[Result "0-1"]
[WhiteElo "2517"]
[BlackElo "2660"]
[TimeControl "180+1"]
[EndTime "9:16:38 PDT"]
[Termination "Aygehovit1992 won by resignation"]

1. e4 c5 2. Nf3 d6 3. d4 cxd4 4. Nxd4 Nf6 5. Nc3 g6 6. Be3 Nc6 7. f3 h5 8. Qd2 Nxd4 9. Bxd4 Bh6 10. Be3 Bxe3 11. Qxe3 Be6 12. O-O-O Qa5 13. Bb5+ Kf8 14.
a3 Rc8 15. Be2 Kg7 16. Rd4 a6 17. Rhd1 Rc5 18. Nd5 Rhc8 19. R1d2 Bxd5 20. b4 Qc7 21. bxc5 Be6 22. cxd6 exd6 23. Rxd6 Qe7 24. Kd1 Kh7 25. Ke1 Ne8 26. Rb6 Qh4+ 27. Qf2 Qxh2 28. Rxb7 Nd6 29. g3 Qxf2+ 30. Kxf2 Nxb7 31. Bxa6 Rc7 32. Bxb7 Rxb7 33. a4 Rb4 34. a5 Ra4 35. c3 Rxa5 36. Ke3 Ra3 37. Kd4 Ra4+ 38. Ke3 Kg7 39. Rd4 Ra3 40. Kd2 Ra2+ 41. Ke3 g5 42. Rd2 Rxd2 43. Kxd2 f5 44. exf5 Bxf5 45. Ke3 Kf6 46. f4 g4 47. Kd4 Bc8 48. c4 Bb7 49. c5 Kf5 50. Ke3 Bc6 51.
Kf2 Ke4 52. Ke2 Kd4 53. f5 Kxc5 54. Ke3 Kd6 55. Kf4 Ke7 56. Kg5 Be8 57. Kh4 Kd6 58. Kg5 Ke5 59. Kh4 Ke4 60. f6 Kf3 61. Kg5 Kxg3 62.
f7 Bxf7 63. Kf6 Ba2 64. Ke7 h4 65. Kf6 h3 0-1

[Event "Early-Titled-Tuesday-Blitz-October-24-2023"]
[Site "Chess.com"]
[Date "2023.10.24"]
[Round "7"]
[White "Kostya0705"]
[Black "ilushka"]
[Result "1/2-1/2"]
[WhiteElo "2614"]
[BlackElo "2452"]
[TimeControl "180+1"]
[EndTime "9:16:39 PDT"]
[Termination "Game drawn - insufficient material"]

1. e4 e5 2. Nf3 Nc6 3. Bc4 Nf6 4. d4 exd4 5. e5 Ne4 6. O-O d5 7. Bb5 Bd7 8. Bxc6 bxc6 9. Nxd4 c5 10. Nb3 Bb5 11. Re1 c4 12. N3d2 Nxd2 13. Nxd2 Be7 14. f4 O-O 15. Nf3 c5 16. f5 Re8 17.
Bf4 Bf8 18. Qd2 Bd7 19. f6 gxf6 20. Qxd5 Bf5 21. Qxc4 fxe5 22. Bxe5 Be6 23. Qf4 Bg7 24. Rad1 Qe7 25. Qg3 f6 26. Bc3 Qf7 27. b3 Bd5 28. Rf1 Re2 29. Rxd5 Qxd5 30. Bxf6 Qb7 31.
Nh4 Kh8 32. Qh3 Bxf6 33. Rxf6 Rg8 34. Rf5 Qe4 35. Qc3+ Qd4+ 36. Qxd4+ cxd4 37. Rc5 Rg4 38. g3 Kg7 39. Nf3 Rge4 40. Rc4 d3 41. cxd3 Rxc4 42.
dxc4 Rxa2 43. Kf1 Rb2 44. Nd4 Rxh2 45. c5 Rd2 46. Nb5 Rc2 47. b4 a5 48. Na3 Rc1+ 49.
Ke2 axb4 50. Nb5 Rxc5 51. Nd4 Rc4 52. Kd3 Rc3+ 53. Ke4 Rxg3 54. Nf5+ Kf6 55. Nxg3 Kg5 56. Kd3 Kg4 57. Ne4 Kf4 58. Nf2 h5 59. Kc4 Kf3 60. Nh3 Kg3 61. Ng5 Kg4 62. Ne4 h4 63. Kxb4 Kf3 64.
Ng5+ Kg4 65. Ne4 Kf4 66. Nf2 Kf3 67. Nh3 Kg4 68. Nf2+ Kg3 69. Ne4+ Kg2 70. Ng5 Kg3 71. Kc3 Kg4 72. Ne4 Kf3 73. Ng5+ Kf4 74. Nh3+ Kg3 75. Ng5 Kg4 76. Ne4 h3 77. Nf2+ Kg3 78. Nxh3 1/2-1/2

[Event "Early-Titled-Tuesday-Blitz-October-24-2023"]
[Site "Chess.com"]
[Date "2023.10.24"]
[Round "7"]
[White "Eloist"]
[Black "IljaZaragatski"]
[Result "0-1"]
[WhiteElo "2459"]
[BlackElo "2633"]
[TimeControl "180+1"]
[EndTime "9:16:43 PDT"]
[Termination "IljaZaragatski won on time"]

1. e4 d6 2. d4 Nf6 3. Nc3 e5 4. dxe5 dxe5 5. Qxd8+ Kxd8 6. Bc4 Ke8 7. Nf3 Bd6 8. Bg5 Nbd7 9. O-O-O a6 10. Rhe1 h6 11. Bh4 Kf8 12. Nd5 Nxd5 13. Bxd5 g5 14. Bg3 Ke7 15. Nd2 c6 16. Bb3 b5 17. Nf1 Nc5 18.
Ne3 a5 19. Bxf7 Nxe4 20. Bg6 Nxg3 21. hxg3 Rf8 22. f3 Be6 23. Be4 Rac8 24. g4 a4 25. Rh1 Rf6 26. Bf5 Bc5 27. Kd2 Rd8+ 28. Ke2 Bxa2 29. Be4 Bxe3 30. Kxe3 Rxd1 31. Rxd1 Rd6 32.
Rh1 Bf7 33. Bd3 Bd5 34. Re1 Kf6 35. Rh1 Kg7 36. Re1 Rd8 37. Kf2 Kf6 38. Rh1 Kg7 39. Re1 Re8 40. Be4 b4 41. Bd3 a3 42. bxa3 bxa3 43. c4 Bf7 44. Ra1 Ra8 45. Ke3 Ra4 46.
Kd2 Bxc4 47. Bxc4 Rxc4 48. Rxa3 e4 49. Ra7+ Kg6 50. Re7 exf3 51. gxf3 Rf4 52. Re6+ Rf6 53. Re3 Rd6+ 54. Kc3 Kf6 55. Kc4 Re6 56. Rd3 Ke5 57. Re3+ Kd6 58. Rd3+ Ke5 59. Re3+ Kf6 60. Rd3 Ke7 61.
Kc5 Kf7 62. Ra3 Kf6 63. Rd3 Ke5 64. Re3+ Kf6 65. Rd3 Kg6 66. Rc3 h5 67. gxh5+ Kxh5 68. Rc4 Kg6 69. Kb6 Kf5 70. Rd4 Re3 71. Kxc6 Rxf3 72.
Kd6 g4 73. Ke7 g3 74. Rd5+ Kf4 0-1

[Event "Early-Titled-Tuesday-Blitz-October-24-2023"]
[Site "Chess.com"]
[Date "2023.10.24"]
[Round "7"]
[White "MatthewG-p4p"]
[Black "OparinGrigoriy"]
[Result "1-0"]
[WhiteElo "2834"]
[BlackElo "2975"]
[TimeControl "180+1"]
[EndTime "9:16:44 PDT"]
[Termination "MatthewG-p4p won by resignation"]

1. e4 c6 2. d4 d5 3. exd5 cxd5 4. Bd3 Nf6 5. h3 Nc6 6. c3 e5 7. dxe5 Nxe5 8. Qe2 Qe7 9. Bc2 Ne4 10. Nd2 Nc5 11. Nb3 Ncd3+ 12. Kf1 Bf5 13. Nf3 Nxf3 14. Qxe7+ Bxe7 15. gxf3 Bg6 16. Nd4 Bf6 17. Ba4+ Kf8 18. Kg2 Nc5 19. Bb3 Bxd4 20. cxd4 Nxb3 21. axb3 Ke7 22.
Bf4 Rhc8 23. Rhe1+ Kf8 24. Bd6+ Kg8 25. Rec1 a6 26. Rc5 Rxc5 27. dxc5 Re8 28. Rd1 Bc2 29.
Rxd5 Bxb3 30. Re5 Rc8 31. f4 f6 32. Re7 Bd5+ 33. Kf1 h6 34. Ke2 Kh7 35. f5 a5 36. Ke3 a4 37. h4 Ra8 38. Kd4 Bc6 39. Kc3 a3 40. bxa3 Rxa3+ 41. Kd2 Rf3 42. Rc7 Rxf5 43. Ke3 Kg6 44. f4 Rh5 45. Bf8 Rxh4 46. Rxg7+ Kf5 47. Bd6 h5 48. Rf7 Rh3+ 49. Kf2 Ke6 50.
Rh7 Kf5 51. Rh6 Ke6 52. Be5 h4 53. Bxf6 Rf3+ 54. Ke2 h3 55. Be5+ Kf5 56. Rxc6 h2 57. Rh6 Ra3 58. Kf2 Ra5 59. Rxh2 Rxc5 60. Ke3 Rb5 61. Kd4 Rb4+ 62. Kc5 Rb3 63. Rh7 Ke4 64. Re7 Rb1 65. Kc4 b5+ 66. Kc3 b4+ 67. Kc2 Rf1 68. Rb7 Kf5 69. Rxb4 Rf3 70. Kd2 Rh3 71. Rd4 Ra3 72.
Rd3 Ra2+ 73. Ke3 Rh2 74. Rd6 Rh3+ 75. Kd4 Rh1 76. Rf6+ Kg4 77. Rf8 Re1 78. Kd5 Rb1 79. Ke6 Rb6+ 80. Bd6 1-0

[Event "Early-Titled-Tuesday-Blitz-October-24-2023"]
[Site "Chess.com"]
[Date "2023.10.24"]
[Round "7"]
[White "Drags95"]
[Black "JiaHaoxiang"]
[Result "1-0"]
[WhiteElo "2838"]
[BlackElo "2613"]
[TimeControl "180+1"]
[EndTime "9:16:45 PDT"]
[Termination "Drags95 won by checkmate"]

1. d4 d5 2. c4 c6 3. Nc3 Nf6 4. Nf3 dxc4 5. a4 Bf5 6. e3 e6 7. Bxc4 Bb4 8. O-O O-O 9. Qe2 Nbd7 10. e4 Bg6 11. Bd3 Bh5 12. Bg5 e5 13. d5 h6 14.
Bh4 g5 15. Bg3 Qe7 16. dxc6 bxc6 17. Na2 Bc5 18. Rac1 Rab8 19. b4 Bxb4 20. Rxc6 Rfc8 21. Rxc8+ Rxc8 22. Nxb4 Qxb4 23. Qd2 Qd6 24. Bb5 Qxd2 25. Nxd2 Rc2 26. Nf3 Bxf3 27. gxf3 Kf8 28. Rb1 Ke7 29.
Bxd7 Nxd7 30. Rb7 f6 31. Rxa7 Ra2 32. h4 Ke6 33. h5 Nc5 34. a5 Nb3 35. Rh7 Rxa5 36.
Rxh6 Nd4 37. Kg2 Ra8 38. Rh7 Nc6 39. Rb7 Rh8 40. Rb6 Kd7 41. Kh3 Rxh5+ 42. Kg4 Rh6 43.
Ra6 Rg6 44. Ra8 Ke7 45. Ra6 Kd7 46. Ra8 Rh6 47. Rf8 Nd4 48. Ra8 Ke7 49. Ra7+ Ke6 50. Ra6+ Kf7 51. Ra7+ Kg6 52. Ra6 Kg7 53. Ra7+ Kg6 54.
Ra6 Rh7 55. Bxe5 Rh4+ 56. Kg3 Ne2+ 57. Kg2 Nf4+ 58. Kg1 Nh5 59. Bxf6 Nxf6 60. e5 Rf4 61.
Kg2 Rf5 62. Rxf6+ Rxf6 63. exf6 Kxf6 64. Kh3 Kf5 65. Kg3 Ke5 66. Kg4 Ke6 67. Kxg5 Ke5 68.
f4+ Ke4 69. f5 Ke5 70. f6 Ke6 71. Kg6 Kd6 72. f7 Ke6 73. Kg7 Kf5 74. f8=Q+ Kg4 75. f4 Kh4 76. f5 Kg5 77. f6 Kh5 78. f7 Kg4 79. Qe7 Kf5 80. f8=Q+ Kg4 81. Qe4+ Kh5 82. Qff5# 1-0

[Event "Early-Titled-Tuesday-Blitz-October-24-2023"]
[Site "Chess.com"]
[Date "2023.10.24"]
[Round "7"]
[White "K_A_S_T_O_R"]
[Black "Wizard_97"]
[Result "1-0"]
[WhiteElo "2868"]
[BlackElo "2612"]
[TimeControl "180+1"]
[EndTime "9:16:46 PDT"]
[Termination "K_A_S_T_O_R won by resignation"]

1. e4 c5 2. Nf3 d6 3. d4 cxd4 4.
Nxd4 Nf6 5. Nc3 g6 6. Be2 Bg7 7.
O-O O-O 8. Nb3 Nc6 9. Bg5 a6 10. Qd2 Be6 11. Rad1 Na5 12. Bh6 Nc4 13. Bxc4 Bxc4 14. Bxg7 Kxg7 15. Rfe1 Rc8 16. Nd4 Qa5 17. Qe3 Nd7 18. Nd5 Rfe8 19. b3 Bxd5 20. exd5 Qxd5 21. Qh3 Nc5 22. Ne6+ Qxe6 23. Rxe6 Nxe6 24.
c4 Rc5 25. Qe3 Rec8 26. h4 h5 27. a4 b5 28. cxb5 axb5 29. a5 Rc3 30. Qb6 Rxb3 31.
Ra1 Nc5 32. a6 Nxa6 33. Rxa6 Rc1+ 34. Kh2 Rc4 35. g3 Rb2 36. Ra3 b4 37. Rf3 Rb1 38. Kg2 Rcc1 39. Rf4 Rg1+ 40. Kf3 Rb3+ 41. Ke2 Rb2+ 42. Kf3 Rb3+ 43. Ke4 Re1+ 44. Kd5 Rc3 45.
Re4 Rd1+ 46. Rd4 Re1 47. Rxb4 Rd1+ 48. Rd4 Re1 49. Rd2 Rc5+ 50. Kd4 Ree5 51. Qb3 e6 52. Kd3 Rcd5+ 53. Kc2 Rc5+ 54. Kd1 Rb5 55. Qc3 Rc5 56. Qd4 Rd5 57. Qa1 Rb5 58. Re2 Ra5 59. Qb2 Rb5 60.
Qc3 Rc5 61. Qf3 Rcd5+ 62. Rd2 Rf5 63. Qc3+ Rde5 64. f4 f6 65. fxe5 Rxe5 66. Rxd6 Kh6 67. Qd2+ g5 68. hxg5+ fxg5 69. Qd4 Rf5 70. Rxe6+ Kh7 71.
Qd7+ Kg8 72. Re8+ Rf8 73. Qd8 Rxe8 74. Qxe8+ Kg7 75. Qxh5 Kf6 76. g4 Ke5 77. Qxg5+ Ke4 78. Qf5+ 1-0

[Event "Early-Titled-Tuesday-Blitz-October-24-2023"]
[Site "Chess.com"]
[Date "2023.10.24"]
[Round "7"]
[White "RandomNoob04"]
[Black "IlyaGrigorjev"]
[Result "0-1"]
[WhiteElo "2626"]
[BlackElo "2919"]
[TimeControl "180+1"]
[EndTime "9:16:50 PDT"]
[Termination "IlyaGrigorjev won on time"]

1. e4 e5 2. d4 exd4 3. Qxd4 Nc6 4. Qe3 Nf6 5. e5 Ng4 6. Qe4 d5 7. exd6+ Be6 8. Ba6 Qc8 9. Qxc6+ bxc6 10. Bxc8 Rxc8 11. h3 Nf6 12. dxc7 Bc5 13. Nd2 O-O 14. Ngf3 Rxc7 15. O-O h6 16. Nb3 Bb6 17. Bf4 Rcc8 18. Rad1 Bd5 19.
Ne5 g5 20. Bh2 Ne4 21. Nd7 Rfe8 22. Nxb6 axb6 23. Nd4 Kh7 24. Nf5 Kg6 25. Ne3 Be6 26.
Rfe1 Red8 27. Rxd8 Rxd8 28. Bc7 Rd2 29. Bxb6 f5 30.
Rd1 Rxf2 31. Rd8 Re2 32. Bd4 f4 33. Ng4 Ng3 34. Ne5+ Kf5 35. Nf3 Rxc2 36. Bc3 Rc1+ 37. Be1 Bd5 38. Kf2 Ne4+ 39. Ke2 Rc2+ 40. Kd3 Rxb2 41.
Nd4+ Kg6 42. Bc3 Nxc3 43. Kxc3 Rxa2 44. Rd6+ Kf7 45. Nf5 Rxg2 46. Nxh6+ Ke8 47. Nf5 f3 48. Ne3 Rh2 49. Rf6 Ke7 50. Nxd5+ cxd5 51. Rxf3 Ke6 52.
Kd4 Re2 53. Rg3 Re4+ 54. Kd3 Kf5 55. Rf3+ Rf4 56. Re3 Ra4 57. Re2 Ra3+ 58. Kd4 Rxh3 59. Kxd5 Rd3+ 60. Kc4 Rd1 61. Re8 Kf4 62. Rf8+ Kg3 63.
Kc3 g4 64. Kc2 Rd7 65. Rg8 Kf3 66. Rf8+ Kg2 67. Rg8 g3 68. Rg7 Rxg7 0-1